 Dungeon Crawl Stone Soup version 0.29.1-15-g9cfb28693d (webtiles) character file.

Game seed: 17477317384619285316

225 Heoruswealwe the Magician (level 5, -6/28 HPs)
             Began as a Deep Elf Earth Elementalist on Apr 17, 2023.
             Mangled by rlgrobin's ghost (14 damage)
             ... on level 4 of the Dungeon.
             The game lasted 00:35:44 (4292 turns).

Heoruswealwe the Magician (DEEE)                    Turns: 4292, Time: 00:35:45

Health: -6/28      AC:  3    Str: 11    XL:     5   Next: 68%
Magic:  11/15      EV: 16    Int: 22    God:
Gold:   240        SH:  0    Dex: 15    Spells: 6/16 levels left

rFire   . . .      SeeInvis .   a - staff of earth
rCold   . . .      Faith    .   (no shield)
rNeg    . . .      Spirit   .   c - +0 robe
rPois   .          Reflect  .   (no helmet)
rElec   .          Harm     .   h - +0 cloak
rCorr   +          Rampage  .   (no gloves)
Will    .....                   (no boots)
Stlth   ++........              (no amulet)
HPRegen 0.09/turn               k - ring of Awe {EV+4 Str+6}
MPRegen 0.14/turn               j - ring of resist corrosion

@: studying Armour
A: no striking features
a: no special abilities


You were on level 4 of the Dungeon.
You visited 1 branch of the dungeon, and saw 4 of its levels.

You collected 240 gold pieces.

Inventory:

Hand Weapons
 b - a +0 war axe
Armour
 c - a +0 robe (worn)
 h - a +0 cloak (worn)
Magical Staves
 a - a staff of earth (weapon)
Jewellery
 j - a ring of resist corrosion (right hand)
 k - the ring of Awe (left hand) {EV+4 Str+6}
   (You found it on level 4 of the Dungeon)

   [ring of evasion]

   EV:        It affects your evasion (+4).
   Str:       It affects your strength (+6).
Wands
 p - a wand of light (2)
Scrolls
 f - 2 scrolls of noise {unknown}
 g - a scroll of teleportation {unknown}
 i - 3 scrolls of identify {unknown}
 m - a scroll of acquirement {unknown}
 n - a scroll of blinking {unknown}
 q - a scroll of enchant armour {unknown}
 s - a scroll of enchant weapon {unknown}
 t - a scroll of fear {unknown}
 w - 2 scrolls of silence {unknown}
 x - a scroll of poison {unknown}
 z - a scroll of butterflies {unknown}
Potions
 d - a potion of magic
 e - a potion of invisibility {unknown}
 l - a potion of ambrosia {unknown}
 o - a potion of flight {unknown}
 r - 3 potions of lignification {unknown}
 u - a potion of resistance {unknown}
 v - a potion of attraction {unknown}
 y - 2 potions of curing {unknown}


   Skills:
 - Level 2.4 Dodging
 - Level 2.4 Stealth
 + Level 6.1 Spellcasting
 - Level 1.1 Transmutations
 + Level 5.5 Earth Magic


You had 6 spell levels left.
You knew the following spells:

 Your Spells              Type           Power      Damage    Failure   Level
a - Sandblast             Erth           92%        2d19      1%          1
b - Stone Arrow           Conj/Erth      56%        3d10      9%          3
c - Petrify               Tmut/Erth      31%        N/A       22%         4
z - Passwall              Tmut/Erth      25%        N/A       3%          2

Your spell library contained the following spells:

 Spells                   Type           Power      Damage    Failure   Level
 Foxfire                  Conj/Fire      24%        2x1d5     9%          1
 Conjure Flame            Conj/Fire      6%         6-21      26%         3
 Inner Flame              Hex/Fire       6%         N/A       26%         3
 Ozocubu's Armour         Ice            6%         N/A       26%         3
 Flame Wave               Conj/Fire      6%         2d5       65%         4
 Metabolic Englaciation   Hex/Ice        3%         N/A       94%         5
 Statue Form              Tmut/Erth      20%        N/A       98%         6
 Ozocubu's Refrigeration  Ice            3%         4d8       100%        7


Dungeon Overview and Level Annotations

Branches:
Dungeon (4/15)
 Temple: D:4-7

Altars:
Uskayaw

Annotations:
D:4 rlgrobin's ghost, amateur MiFi


Message History

Found 7 stones.
You see here 7 stones.
Press: ? - help, v - describe, . - travel The floor.
As you open the gate, it creaks loudly!
You feel a surge of power!
The blast of sand hits rlgrobin's ghost.
Rlgrobin's ghost is lightly damaged.
You feel a surge of power!
The blast of sand hits rlgrobin's ghost.
Rlgrobin's ghost is lightly damaged.
You feel a surge of power!
The blast of sand hits rlgrobin's ghost!!
Rlgrobin's ghost is severely damaged.
Rlgrobin's ghost barely misses you.
Rlgrobin's ghost makes a sound of rattling chains.
Rlgrobin's ghost hits you!
Ouch! That really hurt!
Casting: Sandblast (safe; 1% risk of failure)
Confirm with . or Enter, or press ? or * to list all spells.
Aiming: Sandblast (safe; 1% risk of failure)
Press: ? - help, Shift-Dir - straight line, f/p - rlgrobin's ghost
Aim: rlgrobin's ghost (severely damaged, 87% to hit)
You feel a surge of power!
The blast of sand hits rlgrobin's ghost but does no damage.
Rlgrobin's ghost is severely damaged.
Rlgrobin's ghost completely misses you.
Casting: Sandblast (safe; 1% risk of failure)
Confirm with . or Enter, or press ? or * to list all spells.
Aiming: Sandblast (safe; 1% risk of failure)
Press: ? - help, Shift-Dir - straight line, f/p - rlgrobin's ghost
Aim: rlgrobin's ghost (severely damaged, 87% to hit)
You feel a surge of power!
The blast of sand hits rlgrobin's ghost!
Rlgrobin's ghost is almost destroyed.
Rlgrobin's ghost hits you.
* * * LOW HITPOINT WARNING * * *
Rlgrobin's ghost hits you!
Ouch! That really hurt!
You die...

...#.####.#
.........#.###.#
......)...#
########.###.##.#
...#..###########.## ##.##
##.#.#
......####.........# #.##
##..# ...........######.##
##.## ##.### ......######
####.######.###.## ...#..#
###............#.##
#.##..# #.......#####.#.##
......# #....@..# #.###
#.##.## ###''W#######.#
.....#######♣....(.#.....#
#..........#..♣....#######
############....(..#
########...#((.....#
.........###.?.(.(.#
########## ######## #
#########.#


You could see rlgrobin's ghost.

Vanquished Creatures
  A necrophage (D:4)
  A jelly (D:4)
  6 adders
  2 dart slugs
  4 orcs (D:3)
  4 ball pythons
  5 endoplasms
  4 giant cockroaches
  4 goblins
  11 hobgoblins
  4 jackals (D:1)
  7 kobolds
  3 quokkas
  3 bats
  3 frilled lizards
  6 rats
68 creatures vanquished.

Notes
Turn   | Place    | Note
-------+----------+-------------------------------------------
     0 | D:1      | Heoruswealwe the Deep Elf Earth Elementalist began the
                  | quest for the Orb.
     0 | D:1      | Reached XP level 1. HP: 10/10 MP: 6/6
   208 | D:1      | Found a faded altar of an unknown god.
   211 | D:1      | Reached XP level 2. HP: 15/15 MP: 5/8
   214 | D:1      | Learned a level 2 spell: Passwall
   225 | D:1      | Prayed at the altar of an unknown god.
   225 | D:1      | Became a worshipper of Uskayaw the Reveller
   225 | D:1      | Reached * piety under Uskayaw
   226 | D:1      | Fell from the grace of Uskayaw
   717 | D:1      | Reached skill level 4 in Spellcasting
  1060 | D:2      | Reached XP level 3. HP: 14/19 MP: 5/10
  1144 | D:2      | Learned a level 3 spell: Stone Arrow
  1409 | D:2      | Reached XP level 4. HP: 24/24 MP: 9/12
  1414 | D:2      | Learned a level 4 spell: Petrify
  1791 | D:1      | Found a hide-covered altar of Uskayaw.
  3135 | D:3      | Reached skill level 5 in Spellcasting
  3769 | D:4      | Found a runed translucent gate.
  3769 | D:4      | Found a runed translucent gate.
  3770 | D:4      | Found a runed translucent gate.
  3771 | D:4      | Noticed rlgrobin's ghost (amateur MiFi)
  3951 | D:4      | Reached skill level 5 in Earth Magic
  3951 | D:4      | Reached XP level 5. HP: 28/28 MP: 13/15
  3960 | D:4      | Reached skill level 6 in Spellcasting
  3973 | D:4      | Identified the ring of Awe {EV+4 Str+6}
  4292 | D:4      | Mangled by rlgrobin's ghost

Illustrated notes

Levels and vault maps discovered:
D:1:      scummos_arrival_gate, layout_basic, ebering_ecumenical_altar_mist
D:2:      layout_loops_ring
D:3:      layout_basic
D:4:      layout_loops_ring, ebering_ghost_rock_garden, hex_large,
          grunt_decor_one_mirror

Skill      XL: |  1  2  3  4  5 |
---------------+----------------+-----
Spellcasting   | 4 5 6 |  6.1
Earth Magic    | 4 5 |  5.5
Dodging        | |  2.4
Stealth        | |  2.4
Transmutations | |  1.1

Action                   |  1- 3 |  4- 6 || total
-------------------------+-------+-------++-------
 Cast: Sandblast         |    50 |    48 ||    98
       Passwall          |     3 |     1 ||     4
Invok: Renounce Religion |     1 |       ||     1
Armor: Robe              |       |     2 ||     2
Dodge: Dodged            |    11 |    13 ||    24
